Map: Eternal Empire LE

Players

Constantin

  • Race: Zerg Zerg
  • League: Diamond
  • Spawn Location: 1:00

Hegelhirn - Winner!

  • Race: Protoss Protoss
  • League: Diamond
  • Spawn Location: 7:00

VOD

Have the link to the VOD?

Description

Time

  • Played on: Jan. 23, 2020, 12:27 p.m.
  • Length: 18:07
Show
View Real Time Build Order
Export as new Build Order

Constantin Zerg 

Build Orders: Hatch First 

Get SALT Encoding   

  12  0:01  Drone  
  13  0:13  Overlord  
  13  0:17  Drone  
  14  0:31  Drone  
  15  0:47  Hatchery  
  14  0:51  Drone  
  15  0:57  Drone  
  15  0:58  Drone  
  17  1:10  Drone  
  18  1:11  Extractor  
  17  1:25  Drone x2  
  19  1:26  Spawning Pool  
  18  1:34  Drone  
  19  1:46  Drone  
  20  1:56  Drone  
  21  2:01  Overlord  
  21  2:13  Queen x2  
  21  2:15  Zergling x4  
  27  2:19  Metabolic Boost  
  27  2:28  Drone x2  
  27  2:29  Drone  
  30  2:35  Drone  
  31  2:41  Drone  
  32  2:49  Hatchery, Drone  
  31  3:14  Zergling x4  
  33  3:24  Queen  
  33  3:25  Drone  
  33  3:27  Overlord x2  
  36  3:42  Pneumatized Carapace  
  36  3:45  Drone x2  
  36  3:46  Drone x2  
  40  3:58  Drone  
  40  3:59  Drone x5  
  40  4:01  Spore Crawler  
  45  4:05  Queen  
  45  4:09  Drone x3  
  50  4:11  Spore Crawler  
  50  4:15  Roach Warren  
  48  4:19  Spore Crawler  
  47  4:31  Drone x6  
  52  4:33  Extractor  
  52  4:40  Overlord  
  52  4:46  Extractor  
  52  4:47  Overlord x4  
  52  5:00  Roach x7  
  64  5:10  Roach x3  
  70  5:16  Roach  
  70  5:17  Roach x3  
  78  5:24  Lair  
  78  5:34  Roach x5  
  85  5:50  Drone x6  
  81  6:00  Drone x2  
  81  6:01  Drone x3  
  86  6:07  Extractor  
  85  6:13  Drone  
  85  6:14  Drone x7  
  85  6:17  Overlord  
  93  6:23  Overseer  
  93  6:24  Glial Reconstitution  
  93  6:28  Ravager x3  
  93  6:32  Drone x2  
  98  6:34  Overlord x2  
  98  6:35  Overlord  
  98  6:38  Zergling x6  
  86  7:19  Roach  
  86  7:20  Roach x8  
  86  7:21  Roach x7  
  86  7:22  Roach x2  
  109  7:30  Drone x2  
  109  7:33  Hydralisk Den  
  109  7:37  Queen x3  
  115  7:48  Drone x5  
  115  7:49  Drone x2, Spore Crawler  
  121  8:06  Hatchery, Overlord x4  
  118  8:42  Hydralisk x4  
  118  8:43  Hydralisk x7  
  118  8:44  Hydralisk x3  
  128  8:55  Grooved Spines  
  118  8:56  Extractor  
  118  8:57  Extractor  
  118  9:02  Evolution Chamber x2  
  114  9:05  Drone x3  
  114  9:06  Drone x6  
  123  9:18  Drone  
  124  9:26  Drone x3  
  124  9:27  Drone x2  
  124  9:30  Zerg Ground Armor Level 1, Zerg Missile Weapons Level 1  
  129  9:35  Unknown  
  129  9:38  Spore Crawler  
  127  9:41  Spore Crawler  
  127  9:42  Spore Crawler  
  127  9:45  Drone x4  
  128  9:46  Drone x6  
  128  9:50  Queen, Spore Crawler  
  136  9:55  Overseer x2  
  136  10:06  Drone, Muscular Augments  
  137  10:07  Overlord x5  
  137  10:08  Overlord x5  
  137  10:17  Overseer  
  137  10:18  Hydralisk x2  
  141  10:24  Drone  
  142  10:32  Hatchery  
  141  10:36  Hydralisk x7  
  141  10:37  Hydralisk x3  
  141  10:41  Baneling Nest  
  160  10:53  Hydralisk x3  
  160  10:54  Hydralisk x3  
  172  11:08  Hydralisk  
  172  11:09  Hydralisk x7  
  172  11:10  Hydralisk  
  190  11:18  Drone x3  
  193  11:22  Drone x3  
  196  11:29  Spore Crawler  
  196  11:30  Ravager, Spore Crawler  
  196  11:31  Ravager x4  
  199  11:51  Spore Crawler  
  199  11:52  Spore Crawler x2  
  199  11:54  Drone x5, Spore Crawler  
  197  11:58  Extractor  
  197  12:00  Extractor  
  114  12:26  Hydralisk x6  
  114  12:27  Hydralisk x8  
  114  12:28  Hydralisk x4  
  130  12:35  Queen  
  132  12:40  Hydralisk x7  
  132  12:41  Hydralisk x7  
  132  12:42  Hydralisk x2  
  164  12:47  Overseer x3  
  164  12:52  Zerg Ground Armor Level 2, Zerg Missile Weapons Level 2  
  164  12:57  Overlord  
  164  13:11  Hydralisk x2  
  164  13:12  Hydralisk x6  
  176  13:13  Hydralisk  
  182  13:24  Drone x6, Spire  
  187  13:28  Queen  
  127  14:04  Zergling x4  
  127  14:05  Zergling x16  
  127  14:06  Zergling x14  
  127  14:07  Hydralisk x7, Zergling x6  
  127  14:08  Hydralisk x3  
  167  14:21  Overseer  
  167  14:38  Zerg Flyer Weapons Level 1, Corruptor  
  167  14:39  Corruptor x6  
  167  14:40  Hatchery  
  167  14:44  Extractor x2  
  176  15:01  Corruptor x6  
  176  15:02  Corruptor  
  190  15:07  Centrifical Hooks  
  190  15:27  Spore Crawler  
  190  15:28  Spore Crawler  
  188  15:29  Spore Crawler x2  
  188  15:31  Spore Crawler  
  185  15:47  Corruptor x6  
  173  16:20  Corruptor x4  
  173  16:21  Corruptor x8  
  140  16:55  Corruptor x7  
  140  16:56  Corruptor  
  140  16:57  Corruptor  
  115  17:17  Corruptor x3  
  115  17:18  Corruptor  
Show
View Real Time Build Order
Export as new Build Order

Hegelhirn Protoss - Winner!

Build Orders: 1 Gate Expand, Carriers 

Get SALT Encoding   

  12  0:01  Probe  
  13  0:13  Probe  
  14  0:20  Pylon  
  14  0:25  Probe  
  15  0:40  Gateway, Probe (Chrono Boost)  
  16  0:50  Assimilator  
  16  0:52  Probe (Chrono Boost)  
  17  0:57  Probe (Chrono Boost)  
  18  1:07  Probe  
  19  1:19  Probe  
  20  1:30  Nexus  
  20  1:39  Probe  
  21  1:40  Cybernetics Core  
  21  1:48  Assimilator  
  21  1:53  Pylon, Probe  
  22  2:06  Probe  
  23  2:18  Probe  
  23  2:19  Adept (Chrono Boost)  
  23  2:22  Warp Gate  
  26  2:30  Probe  
  27  2:42  Probe x2  
  29  2:46  Gateway  
  29  2:54  Probe x2, Stalker  
  33  3:06  Probe x2  
  35  3:18  Probe  
  36  3:26  Adept  
  38  3:27  Probe  
  38  3:30  Probe  
  38  3:33  Twilight Council  
  40  3:34  Pylon  
  40  3:36  Adept  
  40  3:40  Pylon  
  40  3:41  Probe  
  43  3:42  Probe  
  43  3:43  Pylon  
  43  3:45  Assimilator  
  44  3:49  Assimilator  
  44  3:53  Probe  
  44  3:54  Probe  
  46  4:00  Gateway  
  46  4:02  Gateway  
  46  4:04  Resonating Glaives (Chrono Boost)  
  46  4:05  Probe  
  47  4:12  Probe  
  48  4:17  Probe  
  48  4:23  Stargate  
  49  4:25  Stargate  
  49  4:28  Adept, Pylon  
  49  4:31  Adept  
  53  4:35  Probe  
  53  4:36  Probe  
  55  4:47  Probe  
  55  4:48  Probe  
  55  4:49  Pylon  
  57  4:59  Probe  
  58  5:00  Adept x3, Probe  
  65  5:08  Adept  
  65  5:11  Probe  
  68  5:17  Shield Battery  
  66  5:51  Probe x2  
  66  5:55  Charge  
  64  5:57  Robotics Facility, Void Ray x2  
  64  6:03  Probe x2, Adept  
  64  6:04  Adept x3  
  72  6:13  Nexus  
  72  6:15  Probe x2  
  74  6:20  Pylon  
  74  6:24  Adept  
  76  6:25  Sentry  
  76  6:28  Probe x2  
  80  6:40  Void Ray x2  
  80  6:42  Pylon  
  80  6:46  Pylon  
  88  6:52  Protoss Air Weapons Level 1 (Chrono Boost)  
  72  7:24  Void Ray x2 (Chrono Boost)  
  80  7:37  Fleet Beacon  
  80  7:41  Pylon  
  80  7:43  Nexus  
  80  7:45  Pylon x2  
  80  7:48  Assimilator  
  80  7:51  Pylon  
  80  7:52  Assimilator  
  80  7:56  Pylon  
  80  8:00  Templar Archives  
  80  8:02  Stargate  
  79  8:24  Zealot x4  
  72  8:57  Carrier x2 (Chrono Boost)  
  72  9:00  Nexus  
  72  9:01  Carrier (Chrono Boost)  
  72  9:02  Pylon  
  84  9:07  Adept  
  84  9:09  High Templar  
  94  9:10  Probe  
  94  9:11  Probe  
  94  9:17  Protoss Air Weapons Level 2 (Chrono Boost)  
  96  9:23  Probe x2  
  98  9:35  Observer  
  98  9:36  Gateway  
  99  9:39  Gateway, High Templar x2  
  99  9:43  Gateway  
  103  9:46  Probe x2  
  105  9:58  Probe  
  106  10:06  Probe  
  107  10:07  Forge  
  107  10:08  Forge  
  107  10:10  Probe  
  108  10:15  High Templar x3  
  108  10:19  Probe, Psionic Storm  
  108  10:20  Zealot  
  117  10:22  Probe  
  118  10:31  Probe  
  118  10:35  Probe  
  120  10:47  Zealot x6  
  132  10:59  Nexus  
  132  11:02  Pylon  
  132  11:03  Unknown, High Templar  
  134  11:14  Zealot x6  
  146  11:22  Probe  
  146  11:23  Probe x2  
  149  11:35  Probe x3, Protoss Ground Weapons Level 1 (Chrono Boost)  
  149  11:37  Protoss Shields Level 1 (Chrono Boost)  
  152  11:46  High Templar x3  
  152  11:47  Photon Cannon, High Templar x2  
  162  11:48  Photon Cannon  
  162  11:50  Photon Cannon, Archon x2  
  162  11:51  Shield Battery  
  162  11:53  High Templar  
  164  11:57  Archon  
  164  11:59  Probe  
  165  12:06  Pylon x2  
  165  12:08  Probe  
  165  12:09  Pylon  
  122  12:27  High Templar x3  
  122  12:29  Zealot x4  
  130  12:40  Probe x4  
  134  12:52  Probe x4  
  134  12:55  Zealot x4  
  146  13:01  Zealot x3  
  146  13:04  Probe  
  153  13:08  Carrier (Chrono Boost)  
  153  13:09  Carrier (Chrono Boost)  
  153  13:10  Carrier (Chrono Boost)  
  171  13:36  Protoss Air Weapons Level 3 (Chrono Boost)  
  171  13:44  Zealot x7  
  161  13:57  Archon x2  
  157  14:03  Carrier x2 (Chrono Boost)  
  157  14:05  Carrier (Chrono Boost)  
  175  14:17  Nexus  
  175  14:19  Pylon  
  175  14:24  Photon Cannon  
  175  14:26  Photon Cannon  
  175  14:28  Photon Cannon  
  175  14:29  Shield Battery  
  175  14:30  Shield Battery  
  175  14:31  Probe  
  176  14:32  Probe  
  177  14:39  High Templar x5  
  177  14:42  Zealot  
  177  14:45  Zealot  
  191  15:02  Protoss Ground Weapons Level 2 (Chrono Boost)  
  191  15:03  Protoss Shields Level 2 (Chrono Boost)  
  191  15:08  Observer  
  192  15:26  Carrier  
  198  15:33  High Templar  
  178  16:22  Zealot x7  
  188  16:52  Archon  
  168  17:07  Carrier (Chrono Boost)  
  168  17:08  Carrier x2 (Chrono Boost)  
  193  17:20  Assimilator  
  193  17:24  Assimilator  
Tags
 
Add a new tag
Caveats
  • Supply blocks, unpowered buildings, or Contaminate may cause inaccurate times.
  • Supply counts are checked every 10 seconds.